 Dungeon Crawl Stone Soup version 0.22-b1-26-g9dbaab1 (webtiles) character file.

1134 Goblin1989 the Archer (level 8, -7/61 HPs)
             Began as a Centaur Hunter on Aug 8, 2018.
             Mangled by a wyvern (12 damage)
             ... on level 8 of the Dungeon.
             The game lasted 00:13:13 (6537 turns).

Goblin1989 the Archer (Centaur Hunter)              Turns: 6537, Time: 00:13:14

Health: -7/61      AC:  8    Str: 17    XL:     8   Next: 14%
Magic:  8/8        EV:  8    Int: 10    God:
Gold:   312        SH:  0    Dex: 10    Spells: 7/7 levels left

rFire    . . .     SeeInvis +   a - +1 shortbow
rCold    . . .     Gourm    .   (shield currently unavailable)
rNeg     . . .     Faith    .   z - +0 ring mail
rPois    .         Spirit   .   (no helmet)
rElec    .         Reflect  .   V - +1 cloak
rCorr    .         Harm     .   i - +0 pair of gloves
MR       .....                  (no barding)
Stlth    ..........             (no amulet)
HPRegen  0.20/turn              (no ring)
MPRegen  0.11/turn              s - ring of see invisible

@: drained, very quick
A: large, hooves 3, deformed body, speed 2, tough skin 3
a: no special abilities


You were on level 8 of the Dungeon.
You were hungry.

You visited 1 branch of the dungeon, and saw 8 of its levels.

You collected 312 gold pieces.

Inventory:

Hand Weapons
 a - a +1 shortbow (weapon)
 b - a +1 trident of venom
Missiles
 d - 53 arrows (quivered)
Armour
 i - a +0 pair of gloves (worn)
 z - a +0 ring mail (worn)
 R - the +4 ring mail of Beauty {rElec Int+2, unknown}
   (You found it on level 9 of the Dungeon)

   It affects your intelligence (+2).
   It insulates you from electricity.
 V - a +1 cloak (worn)
 Z - a scarf of spirit shield
Jewellery
 s - a ring of see invisible (right hand)
Wands
 C - a wand of scattershot (5) {@v5}
Scrolls
 g - 3 scrolls of remove curse {@r3}
 h - a scroll of random uselessness {unknown}
 j - a scroll of amnesia {unknown}
 n - 2 scrolls of enchant armour {unknown}
 v - 3 scrolls of identify {unknown}
 w - a scroll of magic mapping {unknown}
 y - a scroll of fear {unknown}
 A - a scroll of enchant weapon {unknown}
 T - 6 scrolls of teleportation {!r, @r2}
Potions
 k - 4 potions of curing {unknown}
 m - 3 potions of heal wounds {unknown}
 o - 4 potions of berserk rage {unknown}
 q - 2 potions of degeneration {unknown}
 t - 3 potions of haste {unknown}
 E - 3 potions of mutation {unknown}
 S - a potion of lignification {unknown}
 W - a potion of brilliance {unknown}
 X - a potion of flight {unknown}
 Y - a potion of might {unknown}
Comestibles
 e - 15 rations
 U - a chunk of flesh


   Skills:
 + Level 2.0(1.5) Fighting
 + Level 13.1(12.5) Bows
 + Level 1.4(1.0) Dodging
 - Level 0.4(0.0) Stealth


You had 7 spell levels left.
You didn't know any spells.
Your spell library was empty.

Dungeon Overview and Level Annotations

Branches:
Dungeon (9/15)
 Temple: D:4-7         Lair: D:8-11         Orc: D:9-12

Altars:
Cheibriados
Gozag
Makhleb

Shops:
D:4 (   D:9 }

Annotations:
D:9 Joseph


Innate Abilities, Weirdness & Mutations

You have hooves in place of feet.
Armour fits poorly on your strangely shaped body.
You cover ground very quickly.
You have extremely tough skin. (AC +3)


Message History

You shoot an arrow.
The arrow hits the wyvern but does no damage.
The wyvern is moderately wounded.
The hound bites you but does no damage. The wyvern closely misses you.
The quokka bites you.
You take 3 damage, and have 35/61 hp.
You are too injured to fight recklessly!
You are too injured to fight recklessly!
You are too injured to fight recklessly!
You are too injured to fight recklessly!
You are too injured to fight recklessly!
You are too injured to fight recklessly!
You are too injured to fight recklessly!
You are too injured to fight recklessly!
You are too injured to fight recklessly!
You are too injured to fight recklessly!
You are too injured to fight recklessly!
You are too injured to fight recklessly!
You are too injured to fight recklessly!
You are too injured to fight recklessly!
You are too injured to fight recklessly!
You are too injured to fight recklessly!
You are too injured to fight recklessly!
You are too injured to fight recklessly!
You are too injured to fight recklessly!
You are too injured to fight recklessly!
You are too injured to fight recklessly!
You are too injured to fight recklessly!
You are too injured to fight recklessly!
You are too injured to fight recklessly!
You are too injured to fight recklessly!
Unknown command.
Firing (i - inventory)
d - 61 arrows (quivered)
Press: ? - help, Shift-Dir - straight line, f/p - wyvern
Aim: a wyvern (moderately wounded)
You shoot an arrow. The arrow hits the wyvern.
The wyvern is heavily wounded.
The hound misses you. The wyvern bites you!
* * * LOW HITPOINT WARNING * * *
You take 8 damage, and have 27/61 hp.
Firing (i - inventory)
d - 60 arrows (quivered)
Press: ? - help, Shift-Dir - straight line, f/p - wyvern
Aim: a wyvern (heavily wounded)
You shoot an arrow. The arrow hits the wyvern!
The wyvern is severely wounded.
The quokka barely misses you. The hound barely misses you.
The wyvern closely misses you.
Firing (i - inventory)
d - 59 arrows (quivered)
Press: ? - help, Shift-Dir - straight line, f/p - wyvern
Aim: a wyvern (severely wounded)
You shoot an arrow. The arrow barely misses the wyvern.
The hound bites you but does no damage. The wyvern bites you!
* * * LOW HITPOINT WARNING * * *
The quokka bites you.
* * * LOW HITPOINT WARNING * * *
You take 20 damage, and have 7/61 hp.
MASSIVE DAMAGE!!
Unknown command.
Firing (i - inventory)
d - 58 arrows (quivered)
Press: ? - help, Shift-Dir - straight line, f/p - wyvern
Aim: a wyvern (severely wounded)
You shoot an arrow.
The arrow hits the wyvern but does no damage.
The wyvern is severely wounded.
The hound barely misses you.
The wyvern bites you but does no damage.
The quokka bites you but does no damage.
Firing (i - inventory)
d - 57 arrows (quivered)
Press: ? - help, Shift-Dir - straight line, f/p - wyvern
Aim: a wyvern (severely wounded)
You shoot an arrow. The arrow closely misses the wyvern.
You are feeling hungry.
The hound bites you but does no damage.
The wyvern bites you but does no damage.
The quokka bites you but does no damage.
Firing (i - inventory)
d - 56 arrows (quivered)
Press: ? - help, Shift-Dir - straight line, f/p - wyvern
Aim: a wyvern (severely wounded)
You shoot an arrow.
The arrow hits the wyvern but does no damage.
The wyvern is severely wounded.
The hound barely misses you. The wyvern closely misses you.
The quokka bites you but does no damage.
Firing (i - inventory)
d - 55 arrows (quivered)
Press: ? - help, Shift-Dir - straight line, f/p - wyvern
Aim: a wyvern (severely wounded)
You shoot an arrow.
The arrow hits the wyvern but does no damage.
The wyvern is severely wounded.
The hound closely misses you. The wyvern bites you.
* * * LOW HITPOINT WARNING * * *
You take 3 damage, and have 5/61 hp.
Firing (i - inventory)
d - 54 arrows (quivered)
Press: ? - help, Shift-Dir - straight line, f/p - wyvern
Aim: a wyvern (severely wounded)
You shoot an arrow.
The arrow hits the wyvern but does no damage.
The wyvern is severely wounded.
The hound closely misses you. The quokka barely misses you.
The wyvern bites you!
You die...

█.█ █.
█.█ ..
█.███!
█.█..
█...
██..


█rh█ █l@█ ████ You could see a wyvern, a hound and a quokka.

Vanquished Creatures
  A sky beast (D:5)
  An ice beast (D:5)
  3 ogres
  A bullfrog (D:6)
  Blork the orc (D:4)
  2 hounds
  A jelly (D:5)
  A centaur skeleton (D:4)
  An orc priest (D:3)
  A bullfrog skeleton (D:5)
  An orc wizard (D:6)
  Jessica (D:2)
  4 worker ants
  A hound skeleton (D:6)
  2 worker ant zombies (D:5)
  9 adders
  A shadow imp (D:5)
  2 adder skeletons (D:4)
  A worm (D:4)
  5 leopard geckos
  23 orcs
  4 giant cockroaches
  6 goblins
  5 hobgoblins
  6 jackals (D:4)
  6 kobolds
  2 quokkas
  9 bats
  6 frilled lizards
  A jackal skeleton (D:5)
  8 rats
116 creatures vanquished.

Notes
Turn   | Place    | Note
-------+----------+-------------------------------------------
     0 | D:1      | Goblin1989 the Centaur Hunter began the quest for the Orb.
     0 | D:1      | Reached XP level 1. HP: 17/17 MP: 1/1
   248 | D:1      | Reached XP level 2. HP: 24/24 MP: 2/2
   250 | D:1      | Reached skill level 6 in Bows
   588 | D:2      | Noticed Jessica
   617 | D:2      | Killed Jessica
   617 | D:2      | Reached XP level 3. HP: 29/29 MP: 3/3
   655 | D:2      | Reached skill level 7 in Bows
  1057 | D:2      | Reached XP level 4. HP: 36/36 MP: 4/4
  1641 | D:3      | Reached skill level 8 in Bows
  1669 | D:3      | Reached XP level 5. HP: 29/41 MP: 5/5
  2676 | D:4      | Noticed an ogre
  2718 | D:3      | Reached skill level 9 in Bows
  2736 | D:3      | Killed an ogre
  2736 | D:3      | Reached XP level 6. HP: 13/48 MP: 6/6
  3097 | D:4      | Found an opulent altar of Gozag.
  3256 | D:4      | Noticed Blork the orc
  3270 | D:4      | Killed Blork the orc
  3270 | D:4      | Reached skill level 10 in Bows
  3275 | D:4      | Found Xitu's Weapon Shop.
  4077 | D:5      | Entered Level 5 of the Dungeon
  4241 | D:5      | Reached skill level 11 in Bows
  4241 | D:5      | Reached XP level 7. HP: 49/55 MP: 7/7
  4586 | D:5      | Found a burning altar of Makhleb.
  4614 | D:5      | Reached skill level 12 in Bows
  6088 | D:6      | Reached XP level 8. HP: 61/61 MP: 8/8
  6118 | D:6      | Reached skill level 13 in Bows
  6455 | D:6      | You fall through a shaft for 3 floors!
  6464 | D:9      | Got an opal-encrusted ring mail
  6475 | D:9      | Found a snail-covered altar of Cheibriados.
  6478 | D:9      | Noticed Joseph
  6505 | D:9      | Found Oceczeph's Gadget Boutique.
  6537 | D:8      | Mangled by a wyvern

Skill      XL: |  1  2  3  4  5  6  7  8 |
---------------+-------------------------+-----
Bows           | 6 7 8 9 11 12 13 | 13.1
Fighting       | |  2.0
Dodging        | |  1.4
Stealth        | |  0.4

Action                   |  1- 3 |  4- 6 |  7- 9 || total
-------------------------+-------+-------+-------++-------
Melee: Trident           |    12 |   251 |    87 ||   350
       Kick              |     3 |    36 |    21 ||    60
 Fire: Shortbow          |    62 |    12 |    30 ||   104
  Use: Scroll            |       |     2 |       ||     2
  Eat: Chunk             |       |     8 |     3 ||    11
       Ration            |       |       |     1 ||     1
Armor: Leather armour    |     9 |    21 |       ||    30
       Ring mail         |       |    93 |    60 ||   153
Dodge: Dodged            |    15 |   110 |    47 ||   172

Vault maps used:
D:1:      tarquinn_simple_flora_water_d
D:2:      kennysheep_generic_room_6, uniq_jessica
D:3:      first_ration
D:4:      serial_shops, kennysheep_mini, lemuel_statue_altar, uniq_blork_the_orc
D:5:      nicolae_overflow_crystal_walls, minmay_bent
D:6:      ebering_ghost_inner_flame, uniq_crazy_yiuf_cottage
D:8:      marbit_many_paths, lair_entry_dummy, ebering_ghost_gozag,
          kennysheep_opposing_triangles, uniq_pikel
D:9:      serial_shops, nicolae_shop_stone, cheibriados_altar_1, uniq_joseph
